AoeStats
← moron

African Clearing

504509006Analyzed
4v4 RM · 28d ago on Sep 5, 2026· 37m 20s· 8 players
Game mode
Random Map
Map size
Large (8 player)
Population
200
Speed
Normal
Resources
Standard
Victory
Conquest
Starting age
Dark Age
Ending age
Imperial Age
RankedLock teamsTeams togetherTeam positionsShared explorationLock speedFull tech treeHidden civsTurbo modeCheats
Victory
Defeat
🇭🇰 Khmer · Hong Kong SAR China
1353
+17
🇬🇧 Persians · United Kingdom
1348
+17
🇨🇱 Italians · Chile
1333
+18
🇨🇴 Aztecs · Colombia
1305
+19
🇹🇼 Mongols · Taiwan
1428
-20
🇹🇼 Huns · Taiwan
1399
-19
🇹🇼 Vietnamese · Taiwan
1382
-18
🇨🇳 Jurchens · China
1290
-14
moron
11:16 Loom
11:21 Loom
14:29 Feudal Age
18:04 Wheelbarrow
21:07 Castle Age
21:18 Bloodlines
22:26 Scale Barding Armor
22:21 Double-Bit Axe
28:00 Forging
32:23 Gold Mining
32:48 Horse Collar
33:54 Hand Cart
34:32 Chain Barding Armor
35:52 Gold Shaft Mining
35:46 Husbandry
Criminalss
3:34 Loom
12:09 Feudal Age
14:20 Wheelbarrow
16:39 Castle Age
15:19 Double-Bit Axe
18:33 Bow Saw
21:58 Horse Collar
24:55 Heavy Plow
28:06 Gold Mining
29:57 Wheelbarrow
32:56 Imperial Age
30:25 Gold Mining
30:59 Scale Mail Armor
31:09 Forging
32:06 Chain Mail Armor
31:57 Squires
31:42 Arson
33:19 Iron Casting
34:31 Conscription
35:08 Plate Mail Armor
35:42 Crop Rotation
35:39 Hand Cart
36:39 Blast Furnace
35:58 Town Watch
Cualnick
12:42 Loom
14:57 Feudal Age
16:15 Wheelbarrow
15:26 Town Watch
15:38 Fishing Lines
23:18 Castle Age
22:58 Double-Bit Axe
24:13 Gillnets
28:44 Clinker Construction
29:53 Bow Saw
33:17 Hand Cart
34:21 Treadmill Crane
37:50 Imperial Age
35:23 Atlatl
35:36 Horse Collar
37:11 Heavy Plow
37:04 Gold Mining
37:05 Stone Mining
37:50 Town Patrol
38:35 Gold Shaft Mining
lok914
2:45 Loom
13:20 Feudal Age
16:51 Castle Age
15:10 Double-Bit Axe
16:06 Forging
16:17 Bloodlines
15:56 Horse Collar
18:33 Scale Barding Armor
20:35 Husbandry
Captain Jack Sparrow
6:35 Loom
12:00 Feudal Age
14:15 Double-Bit Axe
21:14 Castle Age
19:26 Stone Mining
20:43 Gold Mining
21:50 Town Watch
23:32 Fletching
24:04 Bow Saw
25:40 Bodkin Arrow
27:20 Wheelbarrow
Benjamin
6:01 Loom
13:29 Feudal Age
14:24 Double-Bit Axe
15:22 Wheelbarrow
16:59 Scale Barding Armor
17:04 Forging
18:47 Bloodlines
23:36 Horse Collar
1★跳高獵人
11:10 Loom
13:23 Feudal Age
11:42 Loom
18:13 Castle Age
17:04 Double-Bit Axe
17:43 Horse Collar
19:59 Bow Saw
22:26 Wheelbarrow
24:23 Fishing Lines
26:52 Scale Mail Armor
Hakka
3:49 Loom
14:15 Feudal Age
19:47 Castle Age
17:51 Town Watch
17:55 Double-Bit Axe
19:32 Padded Archer Armor
20:48 Bow Saw
21:51 Leather Archer Armor
22:02 Siege Engineers
24:53 Gold Mining
25:48 Horse Collar
26:46 Gold Shaft Mining
32:56 Stone Mining
33:45 Wheelbarrow
34:46 Stone Shaft Mining
Connection lost

Rejoining the realm…

Still unreachable

The connection could not be restored.

Session expired

The server has moved on; the page needs a fresh start.